Map: Eternal Empire LE

Players

Rex

  • Race: Zerg Zerg
  • League: Master
  • Spawn Location: 7:00

黑羽快斗 (ButAlways) - Winner!

  • Race: Protoss Protoss
  • League: Grandmaster
  • Spawn Location: 1:00

Event: DreamHack SC2 Masters 2020 Fall

VOD

Have the link to the VOD?

Description

Time

  • Played on: Aug. 27, 2020, 8:33 a.m.
  • Length: 12:26

All games in this series

Show
View Real Time Build Order
Export as new Build Order

Rex Zerg 

Build Orders: Hatch First, Swarm Host 

Get SALT Encoding   

  12  0:00  Drone  
  13  0:12  Overlord  
  13  0:17  Drone  
  14  0:30  Drone x2  
  16  0:49  Hatchery  
  15  0:52  Drone  
  15  0:56  Drone  
  17  0:59  Drone  
  18  1:09  Extractor  
  17  1:16  Spawning Pool  
  16  1:18  Drone  
  16  1:22  Drone  
  18  1:28  Drone  
  19  1:39  Drone  
  20  1:50  Hatchery  
  20  1:54  Drone  
  20  2:03  Queen  
  20  2:07  Drone  
  23  2:15  Queen  
  23  2:19  Drone  
  26  2:26  Overlord  
  26  2:28  Drone  
  27  2:35  Drone  
  28  2:43  Queen  
  30  2:45  Drone x2  
  30  2:49  Drone x2  
  34  2:53  Drone  
  34  2:54  Drone  
  36  3:02  Queen  
  36  3:05  Overlord  
  38  3:10  Metabolic Boost  
  38  3:14  Zergling x4  
  38  3:18  Drone x2  
  42  3:25  Drone x2  
  42  3:26  Overlord  
  44  3:29  Drone  
  44  3:31  Drone  
  44  3:32  Drone  
  47  3:34  Drone  
  47  3:39  Overlord  
  48  3:46  Queen  
  50  3:57  Drone x5  
  50  3:59  Drone  
  50  4:00  Drone x2  
  57  4:02  Overlord  
  57  4:05  Spore Crawler  
  57  4:06  Spore Crawler  
  57  4:07  Drone  
  57  4:08  Spore Crawler  
  55  4:12  Drone x2  
  55  4:14  Overlord  
  57  4:18  Overlord  
  57  4:22  Drone x4  
  61  4:31  Lair  
  61  4:34  Roach Warren  
  61  4:35  Zergling x2  
  61  4:36  Zergling x6  
  61  4:38  Drone x2  
  66  4:40  Extractor  
  66  4:41  Drone  
  66  4:42  Extractor  
  66  4:43  Drone  
  66  4:56  Overlord x2  
  66  4:57  Extractor, Overlord  
  64  5:12  Overlord  
  64  5:14  Roach  
  64  5:15  Roach x9  
  64  5:20  Evolution Chamber  
  83  5:22  Roach x2  
  87  5:28  Overlord  
  87  5:29  Drone x3  
  87  5:31  Drone  
  91  5:37  Drone, Extractor  
  91  5:39  Extractor  
  91  5:40  Infestation Pit  
  91  5:41  Drone x6  
  94  5:47  Drone x2  
  94  5:48  Drone, Glial Reconstitution  
  97  5:51  Drone  
  97  5:52  Drone  
  99  5:57  Overseer  
  99  6:00  Drone x2  
  99  6:02  Drone x3  
  104  6:06  Zerg Missile Weapons Level 1  
  104  6:08  Drone  
  104  6:13  Overlord x2  
  104  6:15  Roach x2  
  108  6:20  Roach x2  
  108  6:25  Drone, Overlord  
  113  6:35  Overlord x2  
  113  6:36  Overseer  
  113  6:38  Drone  
  113  6:41  Nydus Network  
  113  6:44  Swarm Host x2  
  118  6:48  Swarm Host x2  
  118  6:49  Hatchery  
  123  7:01  Swarm Host x5  
  123  7:07  Swarm Host x2  
  143  7:19  Overlord x3  
  143  7:28  Swarm Host  
  146  7:37  Overlord  
  146  7:38  Swarm Host x5  
  146  7:42  Zergling x2  
  146  7:43  Overlord x5  
  160  7:51  Overseer  
  160  7:55  Overseer  
  160  7:56  Queen x2  
  160  7:57  Queen  
  164  8:05  Roach x7  
  170  8:37  Queen x2  
  170  8:39  Nydus Canal  
  174  8:48  Spore Crawler x2  
  174  8:52  Drone x3  
  174  8:53  Drone, Overlord, Spire  
  175  8:59  Zerg Missile Weapons Level 2  
  175  9:03  Zergling x36  
  193  9:15  Nydus Canal  
  193  9:19  Unknown  
  184  9:32  Zergling x26  
  184  9:35  Nydus Canal  
  178  9:46  Overlord  
  162  9:59  Nydus Canal  
  147  10:08  Zerg Flyer Weapons Level 1  
  146  10:14  Corruptor x5  
  146  10:15  Corruptor x8  
  146  10:17  Corruptor  
  167  10:26  Corruptor x2  
  162  10:29  Drone x3  
  162  10:32  Drone  
  161  10:37  Drone  
  161  10:46  Nydus Canal  
  161  10:47  Corruptor  
  163  10:51  Hatchery  
  163  10:53  Corruptor x2  
  150  11:11  Corruptor  
  150  11:12  Corruptor x5  
  154  11:26  Corruptor  
  154  11:27  Corruptor x3  
  154  11:33  Corruptor  
  146  11:50  Corruptor x3  
Show
View Real Time Build Order
Export as new Build Order

黑羽快斗 Protoss - Winner!

Build Orders: 1 Gate Expand, Zealot Archon, Archon Drop 

Get SALT Encoding   

  12  0:00  Probe  
  13  0:12  Probe  
  14  0:19  Pylon  
  14  0:24  Probe  
  15  0:37  Probe (Chrono Boost)  
  15  0:38  Gateway  
  16  0:48  Probe (Chrono Boost)  
  17  0:50  Assimilator  
  17  0:52  Probe (Chrono Boost)  
  18  1:04  Probe  
  19  1:16  Probe  
  20  1:25  Nexus  
  20  1:35  Cybernetics Core  
  20  1:38  Probe  
  21  1:45  Assimilator  
  21  1:54  Probe, Pylon  
  22  2:06  Probe  
  23  2:13  Stargate  
  23  2:16  Adept  
  23  2:18  Probe (Chrono Boost)  
  26  2:29  Warp Gate, Probe (Chrono Boost)  
  27  2:35  Probe (Chrono Boost)  
  28  2:41  Probe (Chrono Boost)  
  29  2:48  Adept  
  29  2:50  Probe x2 (Chrono Boost)  
  29  2:51  Void Ray (Chrono Boost)  
  33  2:57  Probe  
  34  3:01  Probe  
  39  3:09  Probe  
  40  3:14  Probe (Chrono Boost)  
  41  3:21  Pylon  
  41  3:25  Twilight Council, Probe (Chrono Boost)  
  41  3:26  Probe (Chrono Boost)  
  45  3:35  Probe (Chrono Boost)  
  45  3:36  Probe (Chrono Boost)  
  45  3:40  Robotics Facility  
  45  3:42  Probe  
  45  3:44  Assimilator  
  45  3:45  Probe  
  45  3:47  Assimilator  
  47  3:53  Gateway  
  47  3:54  Probe  
  48  3:57  Probe  
  48  3:59  Charge (Chrono Boost)  
  49  4:06  Probe  
  49  4:09  Probe, Pylon  
  51  4:17  Gateway  
  51  4:18  Gateway, Probe  
  51  4:23  Probe  
  53  4:26  Warp Prism (Chrono Boost)  
  55  4:39  Templar Archives  
  55  4:40  Probe  
  55  4:41  Pylon  
  56  5:00  Zealot x2  
  56  5:04  Nexus  
  56  5:06  Pylon  
  60  5:08  Shield Battery  
  60  5:21  High Templar x4  
  68  5:25  Archon  
  68  5:26  Shield Battery, Archon  
  68  5:27  Observer  
  69  5:30  Probe  
  69  5:31  Probe  
  71  5:37  Pylon  
  71  5:40  Forge  
  71  5:43  Probe  
  71  5:47  Probe  
  71  5:48  Stargate  
  73  5:51  Assimilator  
  73  5:55  Zealot, Probe  
  76  5:58  Stargate  
  76  5:59  Probe  
  76  6:03  Assimilator  
  77  6:07  Probe  
  77  6:10  Void Ray (Chrono Boost)  
  78  6:11  Probe  
  78  6:13  Zealot x3  
  78  6:17  Probe  
  88  6:19  Probe  
  88  6:23  Probe  
  90  6:29  Probe  
  90  6:31  Probe  
  92  6:33  Protoss Air Weapons Level 1 (Chrono Boost)  
  92  6:35  Void Ray (Chrono Boost), Probe  
  92  6:36  Pylon  
  93  6:41  Probe  
  99  6:47  Pylon, Probe x2  
  99  6:50  Void Ray (Chrono Boost)  
  99  6:54  Void Ray (Chrono Boost)  
  100  6:59  Observer  
  108  7:02  Pylon  
  108  7:05  Pylon  
  108  7:09  Fleet Beacon  
  108  7:13  Void Ray (Chrono Boost)  
  112  7:16  Void Ray (Chrono Boost)  
  116  7:32  Zealot x4  
  116  7:36  Photon Cannon  
  124  7:38  Photon Cannon  
  124  7:44  Unknown  
  124  7:46  Shield Battery  
  124  7:47  Pylon, Void Ray, Probe x3  
  131  8:03  Zealot  
  137  8:09  Zealot x2  
  141  8:25  Zealot x2  
  137  8:30  Pylon x2  
  135  8:34  Zealot x2  
  135  8:40  Carrier x2  
  141  8:43  Mothership (Chrono Boost)  
  139  8:50  Photon Cannon  
  139  8:53  Photon Cannon  
  141  8:56  Shield Battery  
  141  8:58  Shield Battery  
  141  9:00  Zealot x3, Photon Cannon  
  151  9:03  Void Ray  
  155  9:27  Protoss Air Weapons Level 2 (Chrono Boost)  
  155  9:29  Zealot  
  151  9:35  Zealot x3  
  116  9:49  Void Ray (Chrono Boost)  
  116  9:50  Probe x2  
  116  9:51  Carrier (Chrono Boost)  
  99  9:57  Carrier (Chrono Boost)  
  115  10:02  Probe x2  
  117  10:07  Photon Cannon  
  117  10:14  Zealot x2, Probe  
  117  10:18  Void Ray (Chrono Boost)  
  117  10:19  Zealot  
  125  10:26  Probe x2  
  124  10:37  Void Ray (Chrono Boost)  
  124  10:38  Probe  
  124  10:39  Nexus  
  129  10:44  Observer  
  129  10:47  Photon Cannon  
  130  10:58  Void Ray (Chrono Boost)  
  130  11:10  Void Ray (Chrono Boost)  
  128  11:19  Void Ray (Chrono Boost)  
  120  11:29  Void Ray (Chrono Boost)  
  112  11:39  Void Ray  

Tags
 
Add a new tag
Caveats
  • Supply blocks, unpowered buildings, or Contaminate may cause inaccurate times.
  • Supply counts are checked every 10 seconds.